Ducks vs Maple Leafs (R5)

Created - 6 mars 2026 at 07:56

Goals
1 2 3 T
Ducks 0 2 1 3
Maple Leafs 2 2 2 6
Shots
1 2 3 T
Ducks 7 9 11 27
Maple Leafs 15 12 9 36

GoalsPenalties
1st period
1. Maple Leafs , Brendan Gallagher 22 (Ryan O'Reilly 59) at 7:12
2. Maple Leafs , Jack Drury 16 (Mason Appleton 24) at 16:50 (PP)
Pierre-Luc Dubois (ANA) for Holding (Minor) at 16:02
Kevin Fiala (ANA) for Slashing (Minor) at 18:29
2nd period
3. Maple Leafs , Filip Forsberg 38 (Brent Burns 25, Ryan O'Reilly 60) at 0:14
4. Ducks , Joel Farabee 10 (Will Cuylle 17, Lars Eller 16) at 4:48
5. Ducks , Pierre-Luc Dubois 31 (Ryan Nugent-Hopkins 48, Mark Stone 34) at 7:08
6. Maple Leafs , Joe Veleno 3 (Kevin Labanc 17, Brent Burns 26) at 9:47
Brendan Gallagher (TOR) for Delaying the game (Minor) at 0:07
Nick Cousins (TOR) for High sticking (Minor) at 4:55
Kaapo Kakko (ANA) for Tripping (Minor) at 7:37
Arturs Silovs (TOR) for Slashing (Minor) at 12:13 - Jack Drury served the penalty
John Marino (TOR) for Tripping (Minor) at 12:16
Emil Bemstrom (TOR) for Hooking (Minor) at 17:07
Alexey Toropchenko (ANA) for Roughing (Minor) at 19:39
3rd period
7. Maple Leafs , Ryan O'Reilly 27 (Filip Forsberg 43) at 10:25
8. Ducks , Nick Schmaltz 23 (Kevin Fiala 17, Patrick Kane 29) at 16:38 (PP)
9. Maple Leafs , Joe Veleno 4 (John Marino 11) at 16:46
Kevin Labanc (TOR) for Delaying the game (Minor) at 3:29
Kevin Labanc (TOR) for Roughing (Minor) at 11:27
Brent Burns (TOR) for Tripping (Minor) at 15:27
Goalie Stats
Pyotr Kochetkov (ANA), 30 saves from 36 shots - (0,833), L, 17-9-3, 60:00 minutes
Arturs Silovs (TOR), 24 saves from 27 shots - (0,889), W, 2-1-0, 60:00 minutes
3 StarsOfficial
1 - Joe Veleno (TOR)
2 - Ryan O'Reilly (TOR)
3 - Filip Forsberg (TOR)
Referees : Cody Beach and Hillary Brennan
Linesman : Matthew Heinen and Caleb Apperson
Game Note
No Game Note
Finance
Level 1 -- Attendance: 5618 (94%) -- Ticket Income $505,620
Level 2 -- Attendance: 4908 (98%) -- Ticket Income $255,216
Level 3 -- Attendance: 2819 (100%) -- Ticket Income $90,208
Level 4 -- Attendance: 4000 (100%) -- Ticket Income $64,000
Luxury Box -- Attendance: 1000 (100%) -- Ticket Income $200,000
Game was played at the Air Canada Centre.
Total Attendance: 18345 (97%)
Total Ticket Income: $1,115,044
Other Income: $334,513
Total Income: $1,449,557



Team Name Goals Shots Shots Attemp Shots Blocked PIM HIT PP PK FO%
Ducks 32752168131 / 8 (13%)137%
Maple Leafs 636711116191 / 4 (25%)163%

Ducks
Player Name POS G A P +/- PIM HIT SHT SB MP PP MP PP SHT PK MP PK SHT FO% FOT GA TA
Alex VlasicD0000000111:380:0000:0000% 000
Alexey ToropchenkoLW/RW000022108:120:4202:2900% 001
Darnell NurseD000-1010323:456:3403:3200% 001
J.J. MoserD000-1010217:350:0002:5200% 000
Joel FarabeeLW101-1012012:030:0000:0000% 000
Kaapo KakkoRW000-120106:461:2300:0000% 000
Kevin FialaLW/RW011-1202119:146:5901:40025% 410
Lars EllerC/LW/RW011-1002114:380:0002:35033% 900
Mark StoneRW0110000115:025:4800:0000% 100
Mattias SamuelssonD000-1032218:406:1310:0000% 002
Morgan BarronC/LW/RW000000007:490:1502:35050% 200
Morgan RiellyD000-1002126:447:5103:3210% 010
Nick SchmaltzC/LW/RW101-1004018:216:5910:32023% 1310
Patrick KaneLW/RW011-1012119:145:0900:00050% 220
Pierre-Luc DuboisC/LW/RW1010213021:195:3312:57140% 1000
Ryan Nugent-HopkinsC/RW011-1004018:305:3300:00046% 2600
Seth JonesD000-2011321:384:5612:5200% 002
Will CuylleLW/RW011-1021012:030:0000:0000% 000
Maple Leafs
Player Name POS G A P +/- PIM HIT SHT SB MP PP MP PP SHT PK MP PK SHT FO% FOT GA TA
Adam BoqvistD000-1021015:062:2001:3000% 011
Brendan GallagherRW1011245014:373:4700:0000% 200
Brent BurnsD0221231223:014:0405:2500% 010
Emil BemstromC/LW/RW000220007:590:0400:2400% 000
Filip ForsbergLW1122014014:363:4800:080100% 200
Jack DruryC101-1024120:262:3216:17047% 1711
Jan RuttaD0003010122:360:0006:5400% 000
Joe VelenoC/LW/RW2022012112:510:0405:10058% 1200
John MarinoD0112211022:494:0404:5000% 021
Jonah GadjovichLW0000002010:310:0000:0000% 100
Jordan HarrisD000-1001010:590:0000:0000% 000
Kevin LabancLW/RW0111410112:400:0400:1100% 200
Mason AppletonC/LW/RW011-1001220:232:3206:1700% 011
Nick CousinsC/LW/RW000021007:070:0000:0000% 000
Robby FabbriC/LW/RW0000005113:282:3200:01083% 600
Ryan O'ReillyC1232004019:393:4805:10080% 2500
T.J. BrodieD0002012225:302:2006:5400% 001
T.J. OshieRW0000013010:310:0000:0000% 000

Ducks

5 vs 5 Forward
Line #Left WingCenterRight WingPHYDFOFWanted %Time %Time Play
1Pierre-Luc DuboisRyan Nugent-HopkinsPatrick Kane0144032%13:04
2Mark StoneNick SchmaltzKevin Fiala0233126%10:22
3Will CuylleLars EllerJoel Farabee0322430%12:03
4Alexey ToropchenkoMorgan BarronKaapo Kakko014512%4:59
5 vs 5 Defense
Line #DefenseDefensePHYDFOFWanted %Time %Time Play
1Morgan RiellyDarnell Nurse0414029%11:42
2Seth JonesMattias Samuelsson0414034%13:50
3Alex VlasicJ.J. Moser0502027%11:06
4Morgan RiellyJ.J. Moser12209%3:50
Power Play Forward
Line #Left WingCenterRight WingPHYDFOFWanted %Time %Time Play
1Ryan Nugent-HopkinsPierre-Luc DuboisMark Stone0055245%5:48
2Kevin FialaNick SchmaltzPatrick Kane0054855%6:59
Power Play Defense
Line #DefenseDefensePHYDFOFWanted %Time %Time Play
1Morgan RiellyMattias Samuelsson0145361%7:51
2Darnell NurseSeth Jones0144739%4:56
Penalty Kill 4 Players Forward
Line #CenterWingPHYDFOFWanted %Time %Time Play
1Pierre-Luc DuboisAlexey Toropchenko0505260%3:49
2Lars EllerMorgan Barron0504840%2:35
Penalty Kill 4 Players Defense
Line #DefenseDefensePHYDFOFWanted %Time %Time Play
1Morgan RiellyDarnell Nurse0505255%3:32
2J.J. MoserSeth Jones0504845%2:52
Penalty Kill 3 Players
Line #WingPHYDFOFWanted %Time %Time PlayDefenseDefensePHYDFOFWanted %Time %Time Play
1Morgan Barron140600%0:00 Morgan RiellySeth Jones140600%0:00
2Joel Farabee140400%0:00 J.J. MoserDarnell Nurse140400%0:00
4 vs 4 Forward
Line #CenterWingPHYDFOFWanted %Time %Time Play
1Ryan Nugent-HopkinsMark Stone0235033%0:07
2Nick SchmaltzKevin Fiala1135067%0:14
4 vs 4 Defense
Line #DefensePHYDFOFWanted %Time %Time Play
1Morgan RiellyDarnell Nurse05055100%55% - 0:21
2Mattias SamuelssonSeth Jones050450%45% - 0:00
Last Minutes Offensive
Left WingCenterRight WingDefenseDefense
Kevin FialaRyan Nugent-HopkinsMark StoneMorgan RiellySeth Jones
Last Minutes Defensive
Left WingCenterRight WingDefenseDefense
Lars EllerPierre-Luc DuboisMark StoneSeth JonesMorgan Rielly
Time
Total ForwardTotal DefenseLast Minutes OffensiveLast Minutes Defensive
60:00 60:00 0:000:00
Extra Forwards
Normal PowerPlayPenalty Kill
Kevin Fiala, Kaapo Kakko, Joel FarabeeKevin Fiala, Patrick KaneKevin Fiala
Extra Defensemen
Normal PowerPlayPenalty Kill
Morgan Rielly, Alex Vlasic, Seth JonesJ.J. Moser, J.J. MoserMorgan Rielly
Penalty Shots
Patrick Kane, Mark Stone, Pierre-Luc Dubois, Ryan Nugent-Hopkins, Kevin Fiala
Goalie
Pyotr Kochetkov, Ales Stezka
Scratches
Filip Gustavsson (Exhaustion)

Maple Leafs

5 vs 5 Forward
Line #Left WingCenterRight WingPHYDFOFWanted %Time %Time Play
1Filip ForsbergRyan O'ReillyBrendan Gallagher0323133%13:15
2Kevin LabancJack DruryMason Appleton0322624%9:48
3Jonah GadjovichRobby FabbriT.J. Oshie0322226%10:31
4Nick CousinsJoe VelenoEmil Bemstrom1312117%6:54
5 vs 5 Defense
Line #DefenseDefensePHYDFOFWanted %Time %Time Play
1John MarinoBrent Burns1313839%15:52
2T.J. BrodieJan Rutta0323636%14:43
3Adam BoqvistJordan Harris0322624%9:53
4T.J. BrodieBrent Burns02300%0:00
Power Play Forward
Line #Left WingCenterRight WingPHYDFOFWanted %Time %Time Play
1Filip ForsbergRyan O'ReillyBrendan Gallagher0146660%3:52
2Mason AppletonJack DruryRobby Fabbri0143440%2:32
Power Play Defense
Line #DefenseDefensePHYDFOFWanted %Time %Time Play
1John MarinoBrent Burns0146064%4:04
2T.J. BrodieAdam Boqvist0144036%2:20
Penalty Kill 4 Players Forward
Line #CenterWingPHYDFOFWanted %Time %Time Play
1Jack DruryMason Appleton0415461%6:39
2Ryan O'ReillyJoe Veleno1314639%4:12
Penalty Kill 4 Players Defense
Line #DefenseDefensePHYDFOFWanted %Time %Time Play
1T.J. BrodieJan Rutta1315358%6:15
2John MarinoBrent Burns1314742%4:36
Penalty Kill 3 Players
Line #WingPHYDFOFWanted %Time %Time PlayDefenseDefensePHYDFOFWanted %Time %Time Play
1Jack Drury04158100%1:56 T.J. BrodieJan Rutta0415849%0:57
2Jack Drury041420%0:00 John MarinoBrent Burns0414251%0:59
4 vs 4 Forward
Line #CenterWingPHYDFOFWanted %Time %Time Play
1Ryan O'ReillyBrendan Gallagher03255100%0:21
2Jack DruryFilip Forsberg032450%0:00
4 vs 4 Defense
Line #DefensePHYDFOFWanted %Time %Time Play
1John MarinoBrent Burns03255100%55% - 0:21
2T.J. BrodieJan Rutta032450%45% - 0:00
Last Minutes Offensive
Left WingCenterRight WingDefenseDefense
Filip ForsbergRyan O'ReillyBrendan GallagherJohn MarinoBrent Burns
Last Minutes Defensive
Left WingCenterRight WingDefenseDefense
Filip ForsbergRyan O'ReillyMason AppletonT.J. BrodieBrent Burns
Time
Total ForwardTotal DefenseLast Minutes OffensiveLast Minutes Defensive
60:00 60:00 0:000:00
Extra Forwards
Normal PowerPlayPenalty Kill
Ryan O'Reilly, Filip Forsberg, Mason AppletonFilip Forsberg, Ryan O'ReillyRyan O'Reilly
Extra Defensemen
Normal PowerPlayPenalty Kill
Brent Burns, John Marino, T.J. BrodieBrent Burns, Brent BurnsT.J. Brodie
Penalty Shots
Ryan O'Reilly, Filip Forsberg, Brendan Gallagher, Mason Appleton, Brent Burns
Goalie
Arturs Silovs, Sergei Bobrovsky
Scratches
Matt Nieto (Healthy), Max Jones (Healthy)


Play-by-Play

1st period


0:01 of 1st period - Ryan O'Reilly wins face-off versus Ryan Nugent-Hopkins in neutral zone.
0:55 of 1st period - Wrist shot by Nick Schmaltz.
0:55 of 1st period - Stopped by Arturs Silovs without a rebound.
0:56 of 1st period - Lars Eller wins face-off versus Robby Fabbri in Maple Leafs zone.
0:57 of 1st period - Wrist shot by Joel Farabee.
0:57 of 1st period - Stopped by Arturs Silovs with a rebound.
1:10 of 1st period - Jan Rutta is hit by Joel Farabee and loses puck.
1:27 of 1st period - Wrist shot by Robby Fabbri.
1:27 of 1st period - Shot Misses the Net.
1:29 of 1st period - Snap shot by T.J. Oshie.
1:29 of 1st period - Stopped by Pyotr Kochetkov with a rebound.
1:39 of 1st period - Wrist shot by T.J. Oshie.
1:39 of 1st period - Stopped by Pyotr Kochetkov without a rebound.
1:40 of 1st period - Joe Veleno wins face-off versus Ryan Nugent-Hopkins in Ducks zone.
1:41 of 1st period - Wrist shot by Nick Cousins.
1:41 of 1st period - Deflect By Morgan Rielly.
1:41 of 1st period - Shot Misses the Net.
1:41 of 1st period - Puck is out of play.
1:42 of 1st period - Ryan Nugent-Hopkins wins face-off versus Joe Veleno in Ducks zone.
1:42 of 1st period - Ryan Nugent-Hopkins is hit by Nick Cousins.
2:44 of 1st period - Snap shot by Nick Schmaltz.
2:44 of 1st period - Stopped by Arturs Silovs with a rebound.
3:18 of 1st period - Snap shot by Jack Drury.
3:18 of 1st period - Shot Misses the Net.
3:37 of 1st period - Snap shot by Nick Schmaltz.
3:37 of 1st period - Deflect By Mark Stone.
3:37 of 1st period - Shot Blocked by Mason Appleton.
3:37 of 1st period - Puck is out of play.
3:38 of 1st period - Ryan Nugent-Hopkins wins face-off versus Ryan O'Reilly in Maple Leafs zone.
4:05 of 1st period - Ryan O'Reilly is hit by Will Cuylle and loses puck.
4:43 of 1st period - Snap shot by Lars Eller.
4:43 of 1st period - Stopped by Arturs Silovs without a rebound.
4:44 of 1st period - Ryan Nugent-Hopkins wins face-off versus Joe Veleno in Maple Leafs zone.
4:55 of 1st period - Snap shot by Pierre-Luc Dubois.
4:55 of 1st period - Shot Blocked by Joe Veleno.
5:31 of 1st period - Icing by Alex Vlasic.
5:32 of 1st period - Morgan Barron wins face-off versus Jack Drury in Ducks zone.
5:32 of 1st period - Morgan Barron is hit by Kevin Labanc.
6:29 of 1st period - Slapshot by Brent Burns.
6:29 of 1st period - Shot Misses the Net.
6:31 of 1st period - Slapshot by Brent Burns.
6:31 of 1st period - Shot Blocked by Seth Jones.
6:33 of 1st period - Slapshot by Brent Burns.
6:33 of 1st period - Shot Blocked by Kevin Fiala.
6:35 of 1st period - Slapshot by Robby Fabbri.
6:35 of 1st period - Stopped by Pyotr Kochetkov without a rebound.
6:36 of 1st period - Ryan O'Reilly wins face-off versus Ryan Nugent-Hopkins in Ducks zone.
6:48 of 1st period - Slapshot by Ryan Nugent-Hopkins.
6:48 of 1st period - Stopped by Arturs Silovs without a rebound.
6:49 of 1st period - Joe Veleno wins face-off versus Ryan Nugent-Hopkins in Maple Leafs zone.
7:04 of 1st period - Wrist shot by Joe Veleno.
7:04 of 1st period - Deflect By Nick Cousins.
7:04 of 1st period - Shot Misses the Net.
7:04 of 1st period - Puck is out of play.
7:05 of 1st period - Ryan O'Reilly wins face-off versus Ryan Nugent-Hopkins in Ducks zone.
7:12 of 1st period - Snap shot by Brendan Gallagher.
7:12 of 1st period - Goal by Brendan Gallagher - Ducks : 0 - Maple Leafs : 1.
7:13 of 1st period - Ryan Nugent-Hopkins wins face-off versus Jonah Gadjovich in neutral zone.
7:39 of 1st period - Mattias Samuelsson is hit by Brendan Gallagher and loses puck.
7:48 of 1st period - Wrist shot by Filip Forsberg.
7:48 of 1st period - Stopped by Pyotr Kochetkov without a rebound.
7:49 of 1st period - Ryan Nugent-Hopkins wins face-off versus Joe Veleno in Ducks zone.
8:59 of 1st period - Robby Fabbri is hit by Darnell Nurse and loses puck.
9:43 of 1st period - Brendan Gallagher is hit by Will Cuylle and loses puck.
10:29 of 1st period - Snap shot by T.J. Oshie.
10:29 of 1st period - Shot Blocked by Alex Vlasic.
10:31 of 1st period - Slapshot by Jordan Harris.
10:31 of 1st period - Stopped by Pyotr Kochetkov with a rebound.
10:33 of 1st period - Wrist shot by Robby Fabbri.
10:33 of 1st period - Stopped by Pyotr Kochetkov with a rebound.
10:35 of 1st period - Wrist shot by Robby Fabbri.
10:35 of 1st period - Shot Misses the Net.
10:37 of 1st period - Snap shot by Robby Fabbri.
10:37 of 1st period - Shot Misses the Net.
10:51 of 1st period - Snap shot by Joe Veleno.
10:51 of 1st period - Deflect By Nick Cousins.
10:51 of 1st period - Shot Misses the Net.
10:51 of 1st period - Puck is out of play.
10:52 of 1st period - Ryan O'Reilly wins face-off versus Ryan Nugent-Hopkins in Ducks zone.
10:55 of 1st period - Wrist shot by Filip Forsberg.
10:55 of 1st period - Stopped by Pyotr Kochetkov without a rebound.
10:56 of 1st period - Ryan O'Reilly wins face-off versus Patrick Kane in Ducks zone.
11:11 of 1st period - Wrist shot by Filip Forsberg.
11:11 of 1st period - Shot Misses the Net.
11:33 of 1st period - Wrist shot by Jack Drury.
11:33 of 1st period - Shot Misses the Net.
12:04 of 1st period - Lars Eller is hit by Brent Burns and loses puck.
12:09 of 1st period - Snap shot by Filip Forsberg.
12:09 of 1st period - Stopped by Pyotr Kochetkov with a rebound.
12:33 of 1st period - Slapshot by Mason Appleton.
12:33 of 1st period - Stopped by Pyotr Kochetkov with a rebound.
15:18 of 1st period - Snap shot by Kevin Fiala.
15:18 of 1st period - Deflect By Mark Stone.
15:18 of 1st period - Shot Misses the Net.
15:18 of 1st period - Puck is out of play.
15:19 of 1st period - Ryan O'Reilly wins face-off versus Nick Schmaltz in Maple Leafs zone.
15:28 of 1st period - Slapshot by Ryan O'Reilly.
15:28 of 1st period - Stopped by Pyotr Kochetkov with a rebound.
15:34 of 1st period - Wrist shot by Brendan Gallagher.
15:34 of 1st period - Shot Blocked by Seth Jones.
15:37 of 1st period - Icing by Mattias Samuelsson.
15:38 of 1st period - Joe Veleno wins face-off versus Nick Schmaltz in Ducks zone.
15:50 of 1st period - Wrist shot by Nick Cousins.
15:50 of 1st period - Shot Blocked by Mark Stone.
15:52 of 1st period - Snap shot by T.J. Brodie.
15:52 of 1st period - Stopped by Pyotr Kochetkov without a rebound.
15:53 of 1st period - Ryan Nugent-Hopkins wins face-off versus Jack Drury in Ducks zone.
16:02 of 1st period - Minor Penalty to Pierre-Luc Dubois for Holding.
16:03 of 1st period - Kevin Fiala wins face-off versus Ryan O'Reilly in Ducks zone.
16:09 of 1st period - Slapshot by Morgan Rielly.
16:09 of 1st period - Stopped by Arturs Silovs without a rebound.
16:10 of 1st period - Ryan O'Reilly wins face-off versus Kevin Fiala in Maple Leafs zone.
16:40 of 1st period - Off-side.
16:41 of 1st period - Jack Drury wins face-off versus Kevin Fiala in neutral zone.
16:50 of 1st period - Slapshot by Jack Drury.
16:50 of 1st period - Goal by Jack Drury - Ducks : 0 - Maple Leafs : 2.
16:51 of 1st period - Ryan O'Reilly wins face-off versus Ryan Nugent-Hopkins in neutral zone.
17:04 of 1st period - Snap shot by Ryan O'Reilly.
17:04 of 1st period - Shot Blocked by Darnell Nurse.
17:06 of 1st period - Wrist shot by Jan Rutta.
17:06 of 1st period - Deflect By Ryan O'Reilly.
17:06 of 1st period - Stopped by Pyotr Kochetkov with a rebound.
17:08 of 1st period - Slapshot by T.J. Brodie.
17:08 of 1st period - Shot Blocked by Morgan Rielly.
17:49 of 1st period - Slapshot by Kaapo Kakko.
17:49 of 1st period - Stopped by Arturs Silovs with a rebound.
18:05 of 1st period - Off-side.
18:06 of 1st period - Robby Fabbri wins face-off versus Nick Schmaltz in neutral zone.
18:19 of 1st period - Slapshot by Jonah Gadjovich.
18:19 of 1st period - Stopped by Pyotr Kochetkov with a rebound.
18:21 of 1st period - Slapshot by Jan Rutta.
18:21 of 1st period - Shot Blocked by J.J. Moser.
18:29 of 1st period - Minor Penalty to Kevin Fiala for Slashing.
18:30 of 1st period - Pierre-Luc Dubois wins face-off versus Ryan O'Reilly in Ducks zone.
18:57 of 1st period - Darnell Nurse is hit by Jack Drury.
Goals for this period are 0 for Ducks vs 2 for Maple Leafs.
Shots for this period are 7 for Ducks vs 15 for Maple Leafs.

2nd period


0:01 of 2nd period - Filip Forsberg wins face-off versus Pierre-Luc Dubois in neutral zone.
0:07 of 2nd period - Minor Penalty to Brendan Gallagher for Delaying the game.
0:08 of 2nd period - Ryan O'Reilly wins face-off versus Ryan Nugent-Hopkins in Maple Leafs zone.
0:14 of 2nd period - Snap shot by Filip Forsberg.
0:14 of 2nd period - Goal by Filip Forsberg - Ducks : 0 - Maple Leafs : 3.
0:15 of 2nd period - Nick Schmaltz wins face-off versus Ryan O'Reilly in neutral zone.
0:18 of 2nd period - Backhand shot by Morgan Rielly.
0:18 of 2nd period - Stopped by Arturs Silovs with a rebound.
0:29 of 2nd period - Penalty to Kevin Fiala is over, Kevin Fiala is back on ice.
0:33 of 2nd period - Snap shot by Kevin Fiala.
0:33 of 2nd period - Shot Hit the Post.
1:05 of 2nd period - Slapshot by Kevin Fiala.
1:05 of 2nd period - Shot Blocked by T.J. Brodie.
1:37 of 2nd period - Snap shot by Nick Schmaltz.
1:37 of 2nd period - Shot Misses the Net.
2:07 of 2nd period - Penalty to Brendan Gallagher is over, Brendan Gallagher is back on ice.
2:07 of 2nd period - Slapshot by Ryan Nugent-Hopkins.
2:07 of 2nd period - Shot Misses the Net.
2:37 of 2nd period - Slapshot by Brendan Gallagher.
2:37 of 2nd period - Stopped by Pyotr Kochetkov without a rebound.
2:38 of 2nd period - Robby Fabbri wins face-off versus Ryan Nugent-Hopkins in Ducks zone.
2:41 of 2nd period - Backhand shot by Robby Fabbri.
2:41 of 2nd period - Shot Blocked by Mattias Samuelsson.
3:02 of 2nd period - Icing by Robby Fabbri.
3:03 of 2nd period - Robby Fabbri wins face-off versus Lars Eller in Maple Leafs zone.
3:08 of 2nd period - Slapshot by Jordan Harris.
3:08 of 2nd period - Shot Misses the Net.
3:10 of 2nd period - Slapshot by Brendan Gallagher.
3:10 of 2nd period - Stopped by Pyotr Kochetkov without a rebound.
3:11 of 2nd period - Ryan O'Reilly wins face-off versus Ryan Nugent-Hopkins in Ducks zone.
4:25 of 2nd period - Slapshot by Robby Fabbri.
4:25 of 2nd period - Stopped by Pyotr Kochetkov with a rebound.
4:27 of 2nd period - Slapshot by Brent Burns.
4:27 of 2nd period - Stopped by Pyotr Kochetkov with a rebound.
4:31 of 2nd period - Slapshot by John Marino.
4:31 of 2nd period - Stopped by Pyotr Kochetkov without a rebound.
4:32 of 2nd period - Lars Eller wins face-off versus Ryan O'Reilly in Ducks zone.
4:32 of 2nd period - Lars Eller is hit by Filip Forsberg.
4:46 of 2nd period - Snap shot by Will Cuylle.
4:46 of 2nd period - Shot Misses the Net.
4:48 of 2nd period - Snap shot by Joel Farabee.
4:48 of 2nd period - Goal by Joel Farabee - Ducks : 1 - Maple Leafs : 3.
4:49 of 2nd period - Ryan Nugent-Hopkins wins face-off versus Joe Veleno in neutral zone.
4:52 of 2nd period - Wrist shot by Patrick Kane.
4:52 of 2nd period - Stopped by Arturs Silovs without a rebound.
4:53 of 2nd period - Joe Veleno wins face-off versus Ryan Nugent-Hopkins in Maple Leafs zone.
4:55 of 2nd period - Minor Penalty to Nick Cousins for High sticking.
4:56 of 2nd period - Jack Drury wins face-off versus Mark Stone in Maple Leafs zone.
5:08 of 2nd period - Wrist shot by Seth Jones.
5:08 of 2nd period - Deflect By Jan Rutta.
5:08 of 2nd period - Stopped by Arturs Silovs without a rebound.
5:09 of 2nd period - Jack Drury wins face-off versus Pierre-Luc Dubois in Maple Leafs zone.
5:27 of 2nd period - Off-side.
5:28 of 2nd period - Jack Drury wins face-off versus Nick Schmaltz in neutral zone.
5:55 of 2nd period - Seth Jones is hit by Jack Drury and loses puck.
6:14 of 2nd period - Backhand shot by Pierre-Luc Dubois.
6:14 of 2nd period - Shot Misses the Net.
6:16 of 2nd period - Snap shot by Pierre-Luc Dubois.
6:16 of 2nd period - Stopped by Arturs Silovs without a rebound.
6:17 of 2nd period - Pierre-Luc Dubois wins face-off versus Jack Drury in Maple Leafs zone.
6:22 of 2nd period - Slapshot by Ryan Nugent-Hopkins.
6:22 of 2nd period - Shot Blocked by Brent Burns.
6:24 of 2nd period - Slapshot by Mattias Samuelsson.
6:24 of 2nd period - Stopped by Arturs Silovs with a rebound.
6:55 of 2nd period - Penalty to Nick Cousins is over, Nick Cousins is back on ice.
7:04 of 2nd period - Slapshot by Mark Stone.
7:04 of 2nd period - Shot Misses the Net.
7:06 of 2nd period - Wrist shot by Ryan Nugent-Hopkins.
7:06 of 2nd period - Stopped by Arturs Silovs with a rebound.
7:08 of 2nd period - Slapshot by Pierre-Luc Dubois.
7:08 of 2nd period - Goal by Pierre-Luc Dubois - Ducks : 2 - Maple Leafs : 3.
7:09 of 2nd period - Joe Veleno wins face-off versus Lars Eller in neutral zone.
7:22 of 2nd period - Wrist shot by Joel Farabee.
7:22 of 2nd period - Shot Misses the Net.
7:37 of 2nd period - Minor Penalty to Kaapo Kakko for Tripping.
7:38 of 2nd period - Pierre-Luc Dubois wins face-off versus Brendan Gallagher in Ducks zone.
8:42 of 2nd period - Alexey Toropchenko is hit by Brent Burns and loses puck.
8:53 of 2nd period - Pierre-Luc Dubois is hit by T.J. Brodie and loses puck.
9:37 of 2nd period - Penalty to Kaapo Kakko is over, Kaapo Kakko is back on ice.
9:45 of 2nd period - Backhand shot by Kevin Labanc.
9:45 of 2nd period - Shot Misses the Net.
9:47 of 2nd period - Snap shot by Joe Veleno.
9:47 of 2nd period - Deflect By Kevin Fiala.
9:47 of 2nd period - Goal by Joe Veleno - Ducks : 2 - Maple Leafs : 4.
9:48 of 2nd period - Patrick Kane wins face-off versus Jack Drury in neutral zone.
10:02 of 2nd period - Wrist shot by Jack Drury.
10:02 of 2nd period - Stopped by Pyotr Kochetkov without a rebound.
10:03 of 2nd period - Ryan O'Reilly wins face-off versus Nick Schmaltz in Ducks zone.
10:20 of 2nd period - Slapshot by Ryan O'Reilly.
10:20 of 2nd period - Shot Misses the Net.
10:47 of 2nd period - Darnell Nurse is hit by T.J. Oshie and loses puck.
11:21 of 2nd period - Snap shot by Pierre-Luc Dubois.
11:21 of 2nd period - Shot Blocked by Robby Fabbri.
11:43 of 2nd period - Wrist shot by Robby Fabbri.
11:43 of 2nd period - Stopped by Pyotr Kochetkov with a rebound.
11:55 of 2nd period - Snap shot by Jonah Gadjovich.
11:55 of 2nd period - Stopped by Pyotr Kochetkov with a rebound.
12:09 of 2nd period - Slapshot by J.J. Moser.
12:09 of 2nd period - Deflect By Ryan Nugent-Hopkins.
12:09 of 2nd period - Shot Blocked by Jan Rutta.
12:09 of 2nd period - Puck is out of play.
12:10 of 2nd period - Nick Schmaltz wins face-off versus Jack Drury in Maple Leafs zone.
12:13 of 2nd period - Slapshot by Kevin Fiala.
12:13 of 2nd period - Stopped by Arturs Silovs without a rebound.
12:13 of 2nd period - Minor Penalty to Arturs Silovs for Slashing.
12:14 of 2nd period - Ryan O'Reilly wins face-off versus Kevin Fiala in Maple Leafs zone.
12:16 of 2nd period - Minor Penalty to John Marino for Tripping.
12:17 of 2nd period - Ryan O'Reilly wins face-off versus Nick Schmaltz in Maple Leafs zone.
12:17 of 2nd period - Ryan O'Reilly is hit by Mattias Samuelsson.
14:05 of 2nd period - Brent Burns is hit by Alexey Toropchenko and loses puck.
14:13 of 2nd period - Penalty to Jack Drury is over, Jack Drury is back on ice.
14:16 of 2nd period - Penalty to John Marino is over, John Marino is back on ice.
14:32 of 2nd period - Snap shot by T.J. Oshie.
14:32 of 2nd period - Stopped by Pyotr Kochetkov with a rebound.
15:50 of 2nd period - Snap shot by Robby Fabbri.
15:50 of 2nd period - Stopped by Pyotr Kochetkov with a rebound.
15:52 of 2nd period - Slapshot by Robby Fabbri.
15:52 of 2nd period - Shot Misses the Net.
15:54 of 2nd period - Wrist shot by Jan Rutta.
15:54 of 2nd period - Shot Blocked by Darnell Nurse.
16:38 of 2nd period - Snap shot by Kevin Labanc.
16:38 of 2nd period - Shot Misses the Net.
17:07 of 2nd period - Minor Penalty to Emil Bemstrom for Hooking.
17:08 of 2nd period - Jack Drury wins face-off versus Nick Schmaltz in Maple Leafs zone.
17:17 of 2nd period - T.J. Brodie is hit by Patrick Kane and loses puck.
19:07 of 2nd period - Penalty to Emil Bemstrom is over, Emil Bemstrom is back on ice.
19:39 of 2nd period - Minor Penalty to Alexey Toropchenko for Roughing.
19:40 of 2nd period - Ryan O'Reilly wins face-off versus Pierre-Luc Dubois in Ducks zone.
Goals for this period are 2 for Ducks vs 2 for Maple Leafs.
Shots for this period are 9 for Ducks vs 12 for Maple Leafs.

3rd period


0:01 of 3rd period - Filip Forsberg wins face-off versus Pierre-Luc Dubois in neutral zone.
0:04 of 3rd period - Darnell Nurse is hit by Brendan Gallagher and loses puck.
0:27 of 3rd period - Lars Eller is hit by John Marino and loses puck.
0:38 of 3rd period - Snap shot by Jack Drury.
0:38 of 3rd period - Shot Blocked by Lars Eller.
0:56 of 3rd period - Slapshot by Pierre-Luc Dubois.
0:56 of 3rd period - Stopped by Arturs Silovs with a rebound.
1:02 of 3rd period - Pierre-Luc Dubois is hit by Brendan Gallagher and loses puck.
1:39 of 3rd period - Penalty to Alexey Toropchenko is over, Alexey Toropchenko is back on ice.
1:48 of 3rd period - Seth Jones is hit by Adam Boqvist.
1:54 of 3rd period - Snap shot by Will Cuylle.
1:54 of 3rd period - Shot Misses the Net.
2:48 of 3rd period - Off-side.
2:49 of 3rd period - Nick Schmaltz wins face-off versus Jack Drury in neutral zone.
2:52 of 3rd period - Slapshot by Kevin Fiala.
2:52 of 3rd period - Stopped by Arturs Silovs with a rebound.
2:54 of 3rd period - Wrist shot by Nick Schmaltz.
2:54 of 3rd period - Shot Blocked by Mason Appleton.
2:56 of 3rd period - Slapshot by Mattias Samuelsson.
2:56 of 3rd period - Stopped by Arturs Silovs without a rebound.
2:57 of 3rd period - Ryan O'Reilly wins face-off versus Ryan Nugent-Hopkins in Maple Leafs zone.
3:29 of 3rd period - Minor Penalty to Kevin Labanc for Delaying the game.
3:30 of 3rd period - Ryan Nugent-Hopkins wins face-off versus Jack Drury in Maple Leafs zone.
4:08 of 3rd period - Jan Rutta is hit by Mattias Samuelsson and loses puck.
4:57 of 3rd period - Icing by Darnell Nurse.
4:58 of 3rd period - Ryan O'Reilly wins face-off versus Nick Schmaltz in Ducks zone.
5:03 of 3rd period - Snap shot by Joe Veleno.
5:03 of 3rd period - Shot Misses the Net.
5:29 of 3rd period - Penalty to Kevin Labanc is over, Kevin Labanc is back on ice.
5:37 of 3rd period - Snap shot by Kevin Labanc.
5:37 of 3rd period - Deflect By Jack Drury.
5:37 of 3rd period - Stopped by Pyotr Kochetkov with a rebound.
7:01 of 3rd period - Snap shot by Nick Schmaltz.
7:01 of 3rd period - Stopped by Arturs Silovs without a rebound.
7:02 of 3rd period - Joe Veleno wins face-off versus Lars Eller in Maple Leafs zone.
7:20 of 3rd period - Joe Veleno is hit by J.J. Moser and loses puck.
7:37 of 3rd period - Slapshot by Ryan O'Reilly.
7:37 of 3rd period - Stopped by Pyotr Kochetkov with a rebound.
8:18 of 3rd period - Off-side.
8:19 of 3rd period - Ryan O'Reilly wins face-off versus Morgan Barron in neutral zone.
8:52 of 3rd period - Snap shot by Alexey Toropchenko.
8:52 of 3rd period - Stopped by Arturs Silovs without a rebound.
8:53 of 3rd period - Robby Fabbri wins face-off versus Lars Eller in Maple Leafs zone.
9:52 of 3rd period - Icing by Joel Farabee.
9:53 of 3rd period - Lars Eller wins face-off versus Joe Veleno in Ducks zone.
9:53 of 3rd period - Lars Eller is hit by Joe Veleno.
10:09 of 3rd period - Mattias Samuelsson is hit by Adam Boqvist and loses puck.
10:20 of 3rd period - Lars Eller is hit by Brendan Gallagher and loses puck.
10:25 of 3rd period - Snap shot by Ryan O'Reilly.
10:25 of 3rd period - Goal by Ryan O'Reilly - Ducks : 2 - Maple Leafs : 5.
10:26 of 3rd period - Jack Drury wins face-off versus Ryan Nugent-Hopkins in neutral zone.
10:33 of 3rd period - Snap shot by Mason Appleton.
10:33 of 3rd period - Shot Misses the Net.
10:35 of 3rd period - Slapshot by Mason Appleton.
10:35 of 3rd period - Shot Misses the Net.
10:37 of 3rd period - Slapshot by Jan Rutta.
10:37 of 3rd period - Shot Misses the Net.
10:39 of 3rd period - Slapshot by T.J. Brodie.
10:39 of 3rd period - Stopped by Pyotr Kochetkov without a rebound.
10:40 of 3rd period - Ryan Nugent-Hopkins wins face-off versus Jack Drury in Ducks zone.
10:51 of 3rd period - Slapshot by Patrick Kane.
10:51 of 3rd period - Stopped by Arturs Silovs with a rebound.
10:53 of 3rd period - Snap shot by Pierre-Luc Dubois.
10:53 of 3rd period - Shot Misses the Net.
10:55 of 3rd period - Slapshot by Morgan Rielly.
10:55 of 3rd period - Shot Blocked by Kevin Labanc.
10:57 of 3rd period - Snap shot by Ryan Nugent-Hopkins.
10:57 of 3rd period - Stopped by Arturs Silovs with a rebound.
11:27 of 3rd period - Minor Penalty to Kevin Labanc for Roughing.
11:28 of 3rd period - Ryan O'Reilly wins face-off versus Pierre-Luc Dubois in Maple Leafs zone.
11:39 of 3rd period - Slapshot by Morgan Rielly.
11:39 of 3rd period - Shot Blocked by Brent Burns.
11:48 of 3rd period - Icing by Ryan Nugent-Hopkins.
11:49 of 3rd period - Pierre-Luc Dubois wins face-off versus Jack Drury in Ducks zone.
12:00 of 3rd period - Snap shot by Ryan Nugent-Hopkins.
12:00 of 3rd period - Deflect By Pierre-Luc Dubois.
12:00 of 3rd period - Shot Blocked by Jack Drury.
12:00 of 3rd period - Puck is out of play.
12:01 of 3rd period - Jack Drury wins face-off versus Nick Schmaltz in Maple Leafs zone.
13:27 of 3rd period - Penalty to Kevin Labanc is over, Kevin Labanc is back on ice.
13:38 of 3rd period - Wrist shot by Jonah Gadjovich.
13:38 of 3rd period - Deflect By Robby Fabbri.
13:38 of 3rd period - Shot Blocked by J.J. Moser.
13:38 of 3rd period - Puck is out of play.
13:39 of 3rd period - Robby Fabbri wins face-off versus Lars Eller in Ducks zone.
14:46 of 3rd period - Snap shot by Lars Eller.
14:46 of 3rd period - Shot Misses the Net.
14:48 of 3rd period - Slapshot by Alex Vlasic.
14:48 of 3rd period - Shot Misses the Net.
14:50 of 3rd period - Slapshot by J.J. Moser.
14:50 of 3rd period - Shot Misses the Net.
14:52 of 3rd period - Wrist shot by Alex Vlasic.
14:52 of 3rd period - Shot Misses the Net.
14:54 of 3rd period - Wrist shot by Will Cuylle.
14:54 of 3rd period - Stopped by Arturs Silovs without a rebound.
14:55 of 3rd period - Ryan Nugent-Hopkins wins face-off versus Kevin Labanc in Maple Leafs zone.
15:27 of 3rd period - Minor Penalty to Brent Burns for Tripping.
15:28 of 3rd period - Jack Drury wins face-off versus Ryan Nugent-Hopkins in Maple Leafs zone.
15:28 of 3rd period - Jack Drury is hit by Mattias Samuelsson.
15:45 of 3rd period - Slapshot by Morgan Rielly.
15:45 of 3rd period - Shot Blocked by T.J. Brodie.
16:38 of 3rd period - Wrist shot by Nick Schmaltz.
16:38 of 3rd period - Goal by Nick Schmaltz - Ducks : 3 - Maple Leafs : 5.
16:39 of 3rd period - Joe Veleno wins face-off versus Lars Eller in neutral zone.
16:46 of 3rd period - Slapshot by Joe Veleno.
16:46 of 3rd period - Goal by Joe Veleno - Ducks : 3 - Maple Leafs : 6.
16:47 of 3rd period - Ryan O'Reilly wins face-off versus Pierre-Luc Dubois in neutral zone.
16:50 of 3rd period - Slapshot by John Marino.
16:50 of 3rd period - Shot Blocked by Darnell Nurse.
16:56 of 3rd period - Filip Forsberg is hit by Pierre-Luc Dubois and loses puck.
17:59 of 3rd period - Mattias Samuelsson is hit by Brent Burns.
18:05 of 3rd period - Brent Burns is hit by Alexey Toropchenko.
18:08 of 3rd period - Off-side.
18:09 of 3rd period - Ryan Nugent-Hopkins wins face-off versus Brendan Gallagher in neutral zone.
18:25 of 3rd period - Wrist shot by Ryan Nugent-Hopkins.
18:25 of 3rd period - Stopped by Arturs Silovs with a rebound.
18:35 of 3rd period - Kevin Fiala is hit by Jan Rutta and loses puck.
18:44 of 3rd period - Slapshot by Jack Drury.
18:44 of 3rd period - Stopped by Pyotr Kochetkov without a rebound.
18:45 of 3rd period - Ryan Nugent-Hopkins wins face-off versus Kevin Labanc in Ducks zone.
18:48 of 3rd period - Snap shot by Jack Drury.
18:48 of 3rd period - Shot Blocked by Patrick Kane.
19:13 of 3rd period - Wrist shot by Brendan Gallagher.
19:13 of 3rd period - Stopped by Pyotr Kochetkov with a rebound.
19:15 of 3rd period - Snap shot by Brendan Gallagher.
19:15 of 3rd period - Stopped by Pyotr Kochetkov with a rebound.
19:17 of 3rd period - Snap shot by Adam Boqvist.
19:17 of 3rd period - Stopped by Pyotr Kochetkov without a rebound.
19:18 of 3rd period - Ryan O'Reilly wins face-off versus Nick Schmaltz in Ducks zone.
19:21 of 3rd period - Snap shot by Brendan Gallagher.
19:21 of 3rd period - Shot Blocked by Seth Jones.
19:35 of 3rd period - Jan Rutta is hit by Seth Jones and loses puck.
19:48 of 3rd period - Snap shot by Lars Eller.
19:48 of 3rd period - Stopped by Arturs Silovs with a rebound.
19:58 of 3rd period - Slapshot by Ryan O'Reilly.
19:58 of 3rd period - Shot Blocked by Mattias Samuelsson.
Goals for this period are 1 for Ducks vs 2 for Maple Leafs.
Shots for this period are 11 for Ducks vs 9 for Maple Leafs.